 Dungeon Crawl Stone Soup version 0.24-a0-458-gfcb5e6da0e (webtiles) character file.

Game seed: 12746106377653010594

542 JellyEater the Digger (level 7, -2/36 HPs)
             Began as a Gargoyle Earth Elementalist on June 27, 2019.
             Was a Follower of Vehumet.
             Killed from afar by an orc wizard (4 damage)
             ... with a puff of frost
             ... on level 5 of the Dungeon.
             The game lasted 00:10:30 (5189 turns).

JellyEater the Digger (Gargoyle Earth Elementalist) Turns: 5189, Time: 00:10:31

Health: -2/36      AC: 10    Str: 12    XL:     7   Next: 27%
Magic:  13/13      EV: 12    Int: 17    God:    Vehumet [*.....]
Gold:   205        SH:  0    Dex: 10    Spells: 5/14 levels left

rFire    . . .     SeeInvis .   v - +2 falchion (protect)
rCold    . . .     Gourm    .   (no shield)
rNeg     + . .     Faith    .   c - +0 robe
rPois    ∞         Spirit   .   (no helmet)
rElec    +         Reflect  .   i - +0 cloak
rCorr    .         Harm     .   e - +1 pair of gloves
MR       .....                  j - +0 pair of boots
Stlth    ++........             (no amulet)
HPRegen  0.12/turn              (no ring)
MPRegen  0.13/turn              (no ring)

@: no status effects
A: negative energy resistance 1, electricity resistance, unbreathing,
petrification resistance, rot immunity, AC +4
a: Renounce Religion


You were on level 5 of the Dungeon.
You worshipped Vehumet.
Vehumet was aware of your devotion.
You were hungry.

You visited 1 branch of the dungeon, and saw 5 of its levels.

You collected 205 gold pieces.

Inventory:

Hand Weapons
 g - a +0 club
 p - a +0 flail
 v - a +2 falchion of protection (weapon)
 w - a +1 short sword of venom
Missiles
 b - 97 stones (quivered)
Armour
 c - a +0 robe (worn)
 e - a +1 pair of gloves (worn)
 i - a +0 cloak (worn)
 j - a +0 pair of boots (worn)
Jewellery
 h - an uncursed ring of ice
 m - an uncursed ring of fire
Wands
 r - a wand of flame (5)
Scrolls
 l - 2 scrolls of remove curse
Potions
 f - a potion of brilliance
 k - a potion of might
 o - a potion of heal wounds {unknown}
 q - a potion of degeneration {unknown}
 s - a potion of cancellation {unknown}
 t - a potion of resistance {unknown}
 u - a potion of mutation {unknown}
 x - a potion of haste {unknown}
Comestibles
 d - 6 rations
 z - 2 chunks of flesh


   Skills:
 - Level 1.5 Dodging
 - Level 2.1 Stealth
 + Level 4.4 Spellcasting
 + Level 4.1 Conjurations
   Level 0.7 Transmutations
 + Level 6.5 Earth Magic


You had 5 spell levels left.
You knew the following spells:

 Your Spells              Type           Power        Failure   Level  Hunger
a - Sandblast             Erth           ####..       1%          1    None
b - Stone Arrow           Conj/Erth      ###...       4%          3    ###....
c - Lee's Rapid Deconstr  Erth           ####......   28%         5    ######.

Your spell library contained the following spells:

 Spells                   Type           Power        Failure   Level  Hunger
 Sting                    Conj/Pois      ##..         6%          1    None
 Passwall                 Tmut/Erth      ###.....     5%          2    ##.....
 Petrify                  Tmut/Erth      ###.....     34%         4    ####...


Dungeon Overview and Level Annotations

Branches:
Dungeon (5/15)
 Temple: D:4-7

Altars:
Ashenzari
Cheibriados
Dithmenos
Gozag
Hepliaklqana
Vehumet
Zin


Innate Abilities, Weirdness & Mutations

You are resistant to torment.
Your stone body is resilient. (AC +4)
You are immune to poison.
You resist negative energy. (rN+)
You are resistant to electric shocks. (rElec)
You can survive without breathing.
You are immune to petrification.
You are immune to rotting.


Message History

Evoke which item? (* to show all) (? for menu, Esc to quit)
Okay, then.
Unknown command.
Evoke which item? (* to show all) (? for menu, Esc to quit)
Aiming: Throw Flame
Press: ? - help, Shift-Dir - straight line, f/p - orc warrior
Aim: an orc warrior, wielding a +0 halberd and wearing a +0 chain mail (heavily wounded)
The puff of flame hits the orc warrior.
The orc warrior is severely wounded.
The orc warrior hits you from afar with a +0 halberd!
* * * LOW HITPOINT WARNING * * *
Unknown command.
It was a potion of magic.
Magic courses through your body.
The orc warrior hits you from afar with a +0 halberd.
* * * LOW HITPOINT WARNING * * *
Unknown command.
Unknown command.
A puff of frost appears from out of thin air!
The puff of frost hits you.
You die...

#...## #.### #...# #...# #..#
#...# ...## ### ##.# #...## ...#
#.####.# ##...# ...# #...##.#
#...# ..## ##......# #...## ..#
####.......## #....#
#.#####...........# ##...#
#.#.............@.## #...#
#..................### #...##
############.........#####>...###
###..o..#....##....#..
##....####.........# ##.####
####...#### ##o## ##..# ##..#
##.# #..## #.#


You could see an orc warrior and an orc.

Vanquished Creatures
  An ogre (D:5)
  2 scorpions (D:4)
  2 crimson imps (D:5)
  2 orc priests (D:4)
  An orc wizard (D:5)
  A hound (D:5)
  2 worker ants
  3 gnolls (D:3)
  2 adders
  An ooze (D:4)
  3 dart slugs
  3 leopard geckos
  5 orcs (D:4)
  A bat (D:1)
  3 giant cockroaches
  10 goblins
  8 hobgoblins
  7 jackals
  2 kobolds
  3 quokkas
  4 frilled lizards
  A jackal skeleton (D:5)
  10 rats
77 creatures vanquished.

Notes
Turn   | Place    | Note
-------+----------+-------------------------------------------
     0 | D:1      | JellyEater the Gargoyle Earth Elementalist began the quest
                  | for the Orb.
     0 | D:1      | Reached XP level 1. HP: 10/10 MP: 3/3
   366 | D:1      | Reached skill level 4 in Earth Magic
   366 | D:1      | Reached XP level 2. HP: 5/15 MP: 0/5
  1206 | D:1      | Reached XP level 3. HP: 13/19 MP: 4/6
  1211 | D:1      | Learned a level 3 spell: Stone Arrow
  1838 | D:2      | Found a shadowy altar of Dithmenos.
  1838 | D:2      | Found a radiant altar of Vehumet.
  1840 | D:2      | Found a snail-covered altar of Cheibriados.
  1841 | D:2      | Found an opulent altar of Gozag.
  1841 | D:2      | Found a hazy altar of Hepliaklqana.
  1844 | D:2      | Became a worshipper of Vehumet
  2081 | D:2      | Reached skill level 1 in Conjurations
  2548 | D:2      | Found a glowing silver altar of Zin.
  2674 | D:3      | Reached XP level 4. HP: 17/24 MP: 3/8
  2780 | D:3      | Found a shattered altar of Ashenzari.
  3121 | D:3      | Reached skill level 5 in Earth Magic
  3661 | D:4      | Reached XP level 5. HP: 28/28 MP: 8/10
  3668 | D:4      | Learned a level 5 spell: Lee's Rapid Deconstruction
  4043 | D:4      | Reached XP level 6. HP: 32/32 MP: 4/11
  4094 | D:4      | Reached * piety under Vehumet
  4094 | D:4      | Offered knowledge of Sting by Vehumet.
  4416 | D:5      | Entered Level 5 of the Dungeon
  4546 | D:5      | Reached skill level 6 in Earth Magic
  4555 | D:5      | Reached XP level 7. HP: 36/36 MP: 3/13
  5180 | D:5      | HP: 1/36 [orc warrior/+0 halberd (5)]
  5189 | D:5      | Killed from afar by an orc wizard

Levels and vault maps discovered:
D:1:      lemuel_arrival_behind_the_door_large, layout_basic
D:2:      layout_basic, marbit_many_paths, grunt_temple_overflow_open,
          kennysheep_decorative_pillar, minmay_pentomino_w4
D:3:      layout_loops_ring, ashenzari_conservatory_becter
D:4:      layout_loops_corners
D:5:      layout_cave_pods, first_ration

Skill      XL: |  1  2  3  4  5  6  7 |
---------------+----------------------+-----
Earth Magic    | 4 5 6 |  6.5
Conjurations   | 1 2 3 4 |  4.1
Spellcasting   | 3 4 |  4.4
Dodging        | |  1.5
Stealth        | |  2.1
Transmutations | |  0.7

Action                   |  1- 3 |  4- 6 |  7- 9 || total
-------------------------+-------+-------+-------++-------
Melee: Unarmed           |    25 |       |       ||    25
       Club              |    93 |    44 |       ||   137
       Falchion          |       |    42 |    22 ||    64
 Cast: Sandblast         |    28 |    14 |     7 ||    49
       Stone Arrow       |       |     3 |     2 ||     5
       Lee's Rapid Decon |       |     2 |     2 ||     4
Evoke: Wand              |       |     9 |     6 ||    15
  Use: Scroll            |     4 |     5 |     1 ||    10
       Potion            |       |       |     1 ||     1
 Stab: Sleeping          |     4 |     2 |       ||     6
  Eat: Chunk             |     6 |     7 |     2 ||    15
Armor: Robe              |    40 |    45 |    16 ||   101
Dodge: Dodged            |    81 |    73 |    30 ||   184
       Rpst.: Falchion   |       |    14 |     6 ||    20

Table legend:
 A = Non-vault XP
 B = Vault XP
 C = Vault XP percentage of total XP
 D = Non-vault monster count
 E = Vault monster count
 F = Vault count percentage of total count
                 A         B        C        D         E       F
            +---------+---------+-------+---------+---------+-------
      Total |     753 |      22 |   2.8 |      72 |       5 |   6.5
            +---------+---------+-------+---------+---------+-------
        D:1 |      48 |       0 |   0.0 |      27 |       0 |   0.0
        D:2 |      10 |      22 |  68.8 |       7 |       5 |  41.7
        D:3 |      69 |       0 |   0.0 |      12 |       0 |   0.0
        D:4 |     288 |       0 |   0.0 |      16 |       0 |   0.0
        D:5 |     338 |       0 |   0.0 |      10 |       0 |   0.0
            +---------+---------+-------+---------+---------+-------
